 Dungeon Crawl Stone Soup version 0.17.1-1-g73c8601 (webtiles) character file.

14309 Implojin the Brawler (level 11, -2/105 HPs)
             Began as a Troll Fighter on Apr 6, 2016.
             Was a High Priest of Okawaru.
             Slain by a death yak (27 damage)
             ... on level 6 of the Lair of Beasts.
             The game lasted 00:23:37 (3305 turns).

Implojin the Brawler (Troll Fighter)                Turns: 3305, Time: 00:23:37

Health: -2/105     AC:  8    Str: 26    XL:     11   Next: 87%
Magic:  15/19      EV: 12    Int:  4    God:    Okawaru [*****.]
Gold:   261        SH: 11    Dex: 12    Spells: 0 memorised, 10 levels left

rFire  . . .     SeeInvis +       - Unarmed
rCold  . . .     Clarity  .     a - +0 robe
rNeg   . . .     SustAt   .     b - +0 shield
rPois  .         Gourm    +     F - +2 hat
rElec  .         Spirit   .     q - +0 cloak of the Ten Beggars {+Blink Regen+ MP+9}
rCorr  .         Warding  .     (gloves unavailable)
rMut   .         Stasis   .     (boots unavailable)
MR     .....                    (no amulet)
Stlth  +++.......               A - ring of see invisible
                                u - ring of stealth

@: heroism, finesse, not resistant to hostile enchantments, fairly stealthy
A: unfitting armour, claws 3, fast metabolism 3, gourmand, regeneration 2,
shaggy fur 1, tough skin 2
a: Heroism, Finesse, Renounce Religion, Evoke Blink


You were on level 6 of the Lair of Beasts.
You worshipped Okawaru.
Okawaru was extremely pleased with you.
You were very full.

You visited 3 branches of the dungeon, and saw 18 of its levels.

You collected 498 gold pieces.
You spent 237 gold pieces at shops.

Inventory:

Hand Weapons
 O - a +0 scimitar of flaming
Missiles
 n - 4 tomahawks of dispersal
 p - 16 javelins
 y - 2 throwing nets
 G - 2 large rocks (quivered)
Armour
 a - a +0 robe (worn)
 b - a +0 shield (worn)
 q - the +0 cloak of the Ten Beggars (worn) {+Blink Regen+ MP+9}
   (You bought it in a shop on level 4 of the Dungeon)

   It affects your magic capacity (+9).
   It lets you blink.
   It increases your rate of regeneration.
 F - a +2 hat (worn)
 R - a +0 large shield
Jewellery
 u - a ring of stealth (left claw)
 A - a ring of see invisible (right claw)
 L - an uncursed ring of protection from fire
 P - an uncursed amulet of resist corrosion {unknown}
Wands
 t - a wand of digging (22)
 B - a wand of paralysis (7)
 C - a wand of magic darts (29)
 E - a wand of fire (7)
Scrolls
 g - 2 scrolls of remove curse
 s - a scroll of torment {unknown}
 D - a scroll of recharging
 M - a scroll of amnesia
 N - a scroll of random uselessness {unknown}
 U - a scroll of enchant armour {unknown}
 W - a scroll of vulnerability {unknown}
 Y - a scroll of blinking {unknown}
Potions
 c - 2 potions of might
 e - a potion of agility
 f - 2 potions of heal wounds
 i - a potion of curing {unknown}
 k - 4 potions of brilliance
 o - 4 potions of degeneration
 v - a potion of experience {unknown}
 H - a potion of ambrosia {unknown}
 I - a potion of flight {unknown}
 J - a potion of magic {unknown}
 S - a potion of cancellation {unknown}
 X - a potion of mutation
 Z - a potion of cure mutation {unknown}
Books
 l - a book of Dreams

   Spells                             Type                      Level
   a - Ensorcelled Hibernation        Hexes/Ice                    2
   b - Phase Shift                    Translocation                5
   c - Shadow Creatures               Summoning                    5
   d - Silence                        Hexes/Air                    5
   e - Darkness                       Hexes                        6
   f - Mass Confusion                 Hexes                        6
 x - a Necronomicon

   Spells                             Type                      Level
   a - Haunt                          Necromancy/Summoning         7
   b - Borgnjor's Revivification      Necromancy                   8
   c - Death's Door                   Charms/Necromancy            8
   d - Necromutation                  Transmutation/Necromancy     8
 z - a book of Ice

   Spells                             Type                      Level
   a - Ice Form                       Ice/Transmutation            4
   b - Metabolic Englaciation         Hexes/Ice                    5
   c - Ozocubu's Refrigeration        Ice                          6
   d - Bolt of Cold                   Conjuration/Ice              6
   e - Freezing Cloud                 Conjuration/Ice/Air          6
   f - Simulacrum                     Ice/Necromancy               6
 K - the Papyrus of the Destructive Volcanoes
   (You found it on level 9 of the Dungeon)

   Spells                             Type                      Level
   a - Flame Tongue                   Conjuration/Fire             1
   b - Inner Flame                    Hexes/Fire                   3
   c - Bolt of Magma                  Conjuration/Fire/Earth       5
   d - Delayed Fireball               Conjuration/Fire             7
 Q - a book of Transfigurations

   Spells                             Type                      Level
   a - Stoneskin                      Transmutation/Earth          2
   b - Irradiate                      Conjuration/Transmutation    5
   c - Statue Form                    Transmutation/Earth          6
   d - Hydra Form                     Transmutation                6
   e - Dragon Form                    Transmutation                7
 V - a book of the Dragon

   Spells                             Type                      Level
   a - Flame Tongue                   Conjuration/Fire             1
   b - Cause Fear                     Hexes                        4
   c - Bolt of Fire                   Conjuration/Fire             6
   d - Dragon Form                    Transmutation                7
   e - Dragon's Call                  Summoning                    9
Comestibles
 d - 6 bread rations
 j - 4 meat rations
 r - a slice of pizza
 w - 2 beef jerkies
 T - 2 chunks of flesh


   Skills:
 * Level 6.1(11.1) Fighting
 - Level 2.4(7.4) Dodging
 - Level 2.4(7.4) Shields
 - Level 17.0(22.0) Unarmed Combat


You had 10 spell levels left.
You didn't know any spells.

Dungeon Overview and Level Annotations

Branches:
Dungeon (11/15)            Temple (1/1) D:6            Lair (6/8) D:9
    Orc (0/4) D:10
  Swamp: Lair:3-6    Shoals: Lair:3-6     Snake: Lair:3-6    Spider: Lair:3-6
  Slime: Lair:6-8

Altars:
Cheibriados
Dithmenos
Elyvilon
Fedhas
Kikubaaqudgha
Okawaru
Ru
Yredelemnul
Zin
The Shining One

Shops:
D:4 ?*?:*

Annotations:
D:11 Josephine
Lair:3 exclusion: oklob plant


Innate Abilities, Weirdness & Mutations

You are too large for most types of armour.
You have claws for hands.
Your metabolism is lightning-fast.
You like to eat raw meat.
You heal very quickly.
You are covered in fur (AC +1).
You have very tough skin (AC +2).


Message History

* * * LOW HITPOINT WARNING * * *
The death yak gores the bush! x2
Unknown command.
The death yak gores you!!
* * * LOW HITPOINT WARNING * * *
The death yak gores the bush!!
A water moccasin comes into view.
You scratch the death yak but do no damage.
The death yak closely misses you.
You scratch the death yak.
The death yak is lightly wounded.
You scratch the death yak.
The death yak is lightly wounded.
You mangle the death yak!!
The death yak is heavily wounded.
You eviscerate the death yak!!!
The death yak is almost dead.
You hear an angry hiss.
You mangle the death yak!!
You kill the death yak!
Okawaru is honoured by your kill.
Your base Fighting skill increases to level 6!
Throwing (i - inventory. (,) - cycle):
G - 4 large rocks (quivered)
Press: ? - help, Shift-Dir - straight line, f - death yak
Aim: a death yak You throw a large rock.
The large rock hits the death yak.
The death yak is lightly wounded.
Throwing (i - inventory. (,) - cycle):
G - 3 large rocks (quivered)
Press: ? - help, Shift-Dir - straight line, f/p - death yak
Aim: a death yak (lightly wounded)
You throw a large rock. The large rock hits the death yak!!
The death yak is moderately wounded.
You mangle the death yak!!
The death yak is severely wounded.
You scratch the death yak but do no damage.
The death yak is severely wounded.
You scratch the death yak but do no damage.
The death yak is severely wounded.
The death yak gores you!!
You die...

##................
#...............#
##.....S........# ........
##...............#
.......###................#
.......P## #...).........#
......... #....YY###....##
.......## #....Y####....P#
........# ##....@###.....P#
........# #......P##.....P#
.......####.......#......##
.........###....PP##......#
........###†.....##.......#
.......#...†<.....##......#
.........##......###....†P.#
.........##.........#......#
............................


You could see 3 death yaks and a water moccasin.

Vanquished Creatures
  Gastronok (D:8)
  A hydra (Lair:1)
  3 death yaks (Lair:6)
  Urug (D:11)
  An unseen horror (D:10)
  A black mamba (Lair:2)
  A spiny frog (Lair:2)
  2 komodo dragons
  An efreet (D:10)
  A troll (D:9)
  10 yaks
  11 wolves
  5 porcupines
  3 wargs (D:10)
  The ghost of Serono the Ruffian, an amateur VSMo (D:3)
  2 water moccasins
  5 orc warriors
  A black bear (D:9)
  An ogre (D:6)
  6 centaurs
  3 giant frogs
  2 crocodiles
  A gnoll sergeant (D:8)
  A wyvern zombie (D:7)
  4 scorpions
  8 killer bees
  2 centaur zombies
  3 crimson imps
  A jelly (D:10)
  8 orc priests
  4 orc wizards
  A quasit (D:6)
  A giant frog skeleton (D:5)
  6 hounds
  A centaur skeleton (D:6)
  7 iguanas
  7 worker ants
  A hound zombie (D:6)
  A worker ant zombie (D:9)
  5 adders
  6 gnolls (D:8)
  An ooze (D:4)
  An adder skeleton (D:4)
  A worm (D:4)
  15 orcs
  2 hobgoblins
  9 jackals
  A kobold (D:1)
  A quokka (D:7)
  A ball python (D:5)
  3 giant newts
  A quokka skeleton (D:7)
167 creatures vanquished.

Notes
Turn   | Place    | Note
--------------------------------------------------------------
     0 | D:1      | Implojin the Troll Fighter began the quest for the Orb.
     0 | D:1      | Reached XP level 1. HP: 22/22 MP: 0/0
   116 | D:4      | Found Useewk's Book Emporium.
   137 | D:4      | Found Nautoi's Assorted Antiques.
   147 | D:4      | Noticed a worker ant
   148 | D:4      | Reached XP level 2. HP: 29/29 MP: 1/1
   160 | D:4      | Killed a worker ant
   160 | D:4      | Reached skill level 3 in Unarmed Combat
   160 | D:4      | Reached XP level 3. HP: 31/36 MP: 2/2
   166 | D:4      | Noticed a scorpion
   167 | D:4      | Found Finuadah's Magic Scroll Shop.
   209 | D:4      | Found a blossoming altar of Fedhas.
   209 | D:4      | Found a basalt altar of Yredelemnul.
   224 | D:5      | Entered Level 5 of the Dungeon
   236 | D:4      | Noticed an iguana
   243 | D:4      | Killed an iguana
   243 | D:4      | Reached skill level 4 in Unarmed Combat
   264 | D:4      | Noticed an iguana
   311 | D:5      | Reached XP level 4. HP: 28/44 MP: 3/3
   354 | D:4      | Killed an iguana
   396 | D:4      | Noticed an orc wizard
   397 | D:4      | Noticed an orc priest
   402 | D:4      | Killed an orc wizard
   402 | D:4      | Reached skill level 5 in Unarmed Combat
   407 | D:4      | Killed an orc priest
   407 | D:4      | Reached XP level 5. HP: 30/50 MP: 4/4
   427 | D:4      | Killed a scorpion
   427 | D:4      | Reached skill level 6 in Unarmed Combat
   439 | D:4      | Found Myneq's Magic Scroll Boutique.
   453 | D:4      | Noticed a worker ant
   458 | D:3      | Noticed Serono's ghost (amateur VSMo)
   469 | D:3      | Killed Serono's ghost
   469 | D:3      | Reached XP level 6. HP: 47/59 MP: 5/5
   473 | D:4      | Killed a worker ant
   516 | D:4      | Found Bomym's General Store.
   687 | D:4      | You fall through a shaft!
   721 | D:5      | Reached skill level 7 in Unarmed Combat
   811 | D:5      | Noticed a scorpion
   820 | D:5      | Killed a scorpion
   853 | D:5      | Reached XP level 7. HP: 57/66 MP: 6/6
  1010 | D:5      | Reached skill level 8 in Unarmed Combat
  1107 | D:6      | Found a staircase to the Ecumenical Temple.
  1151 | Temple   | Entered the Ecumenical Temple
  1159 | Temple   | Became a worshipper of Warmaster Okawaru
  1189 | D:6      | Reached skill level 9 in Unarmed Combat
  1218 | D:5      | Noticed a centaur
  1224 | D:5      | Killed a centaur
  1270 | D:4      | Bought an encrusted cloak for 237 gold pieces
  1275 | D:4      | Identified the +0 cloak of the Ten Beggars {+Blink Regen+ MP+9} (You bought it in a shop on level 4 of the Dungeon)
  1343 | D:6      | Reached * piety under Okawaru
  1343 | D:6      | Reached XP level 8. HP: 74/74 MP: 7/7
  1366 | D:6      | Found a snail-covered altar of Cheibriados.
  1414 | D:6      | Reached skill level 10 in Unarmed Combat
  1468 | D:7      | Found a white marble altar of Elyvilon.
  1579 | D:8      | Noticed Gastronok
  1595 | D:8      | Killed Gastronok
  1595 | D:8      | Reached ** piety under Okawaru
  1595 | D:8      | Reached *** piety under Okawaru
  1595 | D:8      | Reached **** piety under Okawaru
  1595 | D:8      | Reached ***** piety under Okawaru
  1595 | D:8      | Reached skill level 13 in Unarmed Combat
  1595 | D:8      | Reached XP level 9. HP: 56/80 MP: 8/8
  1646 | D:8      | Received a gift from Okawaru
  1858 | D:9      | Reached XP level 10. HP: 88/88 MP: 9/9
  1862 | D:9      | Identified the Papyrus of the Destructive Volcanoes
  1886 | D:9      | Reached skill level 14 in Unarmed Combat
  1892 | D:10     | Entered Level 10 of the Dungeon
  2064 | D:10     | Noticed an unseen horror
  2085 | D:10     | Killed an unseen horror
  2195 | D:11     | Noticed Urug
  2207 | D:11     | Killed Urug
  2207 | D:11     | Reached skill level 15 in Unarmed Combat
  2269 | D:11     | Received a gift from Okawaru
  2308 | D:11     | Noticed Josephine
  2338 | D:10     | Found a staircase to the Orcish Mines.
  2622 | D:9      | Found a staircase to the Lair.
  2628 | Lair:1   | Entered Level 1 of the Lair of Beasts
  2628 | Lair:1   | Noticed a five-headed hydra
  2653 | Lair:1   | Reached skill level 16 in Unarmed Combat
  2694 | Lair:1   | Killed a five-headed hydra
  2694 | Lair:1   | Reached XP level 11. HP: 94/94 MP: 10/10
  2822 | Lair:2   | Received a gift from Okawaru
  2842 | Lair:2   | Got an iridescent quick blade {god gift}
  2896 | Lair:2   | Reached skill level 17 in Unarmed Combat
  3026 | Lair:2   | Reached skill level 3 in Fighting
  3243 | Lair:6   | Reached skill level 4 in Fighting
  3268 | Lair:6   | Noticed a death yak
  3268 | Lair:6   | Noticed a death yak
  3268 | Lair:6   | Noticed a death yak
  3269 | Lair:6   | Noticed a death yak
  3269 | Lair:6   | Noticed a death yak
  3274 | Lair:6   | Noticed a death yak
  3276 | Lair:6   | Killed a death yak
  3276 | Lair:6   | Reached skill level 5 in Fighting
  3279 | Lair:6   | Killed a death yak
  3300 | Lair:6   | Killed a death yak
  3300 | Lair:6   | Reached skill level 6 in Fighting
  3305 | Lair:6   | Slain by a death yak

Action                   |  1- 3 |  4- 6 |  7- 9 | 10-12 || total
-------------------------+-------+-------+-------+-------++-------
Melee: Unarmed           |    32 |    55 |   185 |   261 ||   533
Throw: Javelin           |       |       |     1 |       ||     1
       Throwing net      |       |       |     1 |     1 ||     2
       Large rock        |       |       |       |     6 ||     6
Invok: Heroism           |       |       |     8 |    15 ||    23
       Finesse           |       |       |       |     2 ||     2
  Use: Scroll            |       |       |     3 |    10 ||    13
 Stab: Sleeping          |     1 |       |     2 |     2 ||     5
       Held in net/web   |       |       |     1 |     1 ||     2
  Eat: Chunk             |     2 |    11 |     7 |    16 ||    36

Table legend:
 A = Turns spent in this place as a percentage of turns spent in the entire game.
 B = Non-inter-level travel turns spent in this place as a percentage of non-inter-level travel turns spent in the entire game.
 C = Inter-level travel turns spent in this place as a percentage of turns spent in this place.
 D = Turns resting spent in this place as a percentage of non-inter-level travel turns spent in this place.
 E = Turns spent auto-exploring this place as a percentage of non-inter-level travel turns spent in this place.
 F = Non-inter-level travel turns spent in this place divided by the number of levels of this place that you've seen.
                   A       B       C       D       E      F
               +-------+-------+-------+-------+-------+----------------------
         Total | 100.0 | 100.0 |   0.0 |   0.0 |   0.0 | 178.1
       Dungeon |  78.8 |  78.8 |   0.0 |   0.0 |   0.0 | 229.7
        Temple |   0.7 |   0.7 |   0.0 |   0.0 |   0.0 |  23.0
          Lair |  20.5 |  20.5 |   0.0 |   0.0 |   0.0 | 109.3
               +-------+-------+-------+-------+-------+----------------------

Table legend:
 A = Kills in this place as a percentage of kills in entire the game.
 B = Kills by you in this place as a percentage of kills by you in the entire game.
 C = Kills by friends in this place as a percentage of kills by friends in the entire game.
 D = Other kills in this place as a percentage of other kills in the entire game.
 E = Experience gained in this place as a percentage of experience gained in the entire game.
 F = Experience gained in this place divided by the number of levels of this place that you have seen.
                   A       B       C       D       E      F
               +-------+-------+-------+-------+-------+----------------------
         Total | 100.0 | 100.0 |  -nan |  -nan | 100.0 | 1135.7
       Dungeon |  74.9 |  74.9 |  -nan |  -nan |  49.7 | 924.5
        Temple |   0.6 |   0.6 |  -nan |  -nan |   0.5 |  97.0
          Lair |  24.6 |  24.6 |  -nan |  -nan |  49.8 | 1696.0
               +-------+-------+-------+-------+-------+----------------------
